 Dungeon Crawl Stone Soup version 0.29.0-4-gdea44cf6ec (webtiles) character file.

Game seed: 15383690571492673577

114 qw the Ruffian (level 4, 0/36 HPs)
             Began as a Ghoul Fire Elementalist on Aug 29, 2022.
             Slain by an orc wizard
             ... wielding a +0 dagger
              (3 damage)
             ... on level 3 of the Dungeon.
             The game lasted 00:02:49 (3886 turns).

qw the Ruffian (Ghoul Fire Elementalist)            Turns: 3886, Time: 00:02:50

Health: 0/36       AC: 11    Str: 13    XL:     4   Next: 97%
Magic:  5/5        EV:  3    Int: 10    God:
Gold:   150        SH:  0    Dex:  9    Spells: 5/6 levels left

rFire   . . .      SeeInvis .     - Unarmed
rCold   + . .      Faith    .   (no shield)
rNeg    + + +      Spirit   .   i - +0 plate armour
rPois   inf        Reflect  .   (no helmet)
rElec   .          Harm     .   (no cloak)
rCorr   .          Rampage  .   (no gloves)
Will    .....                   o - +0 pair of boots
Stlth   ..........              (no amulet)
HPRegen 0.00/turn               (no ring)
MPRegen 0.09/turn               (no ring)

@: inhibited regen
A: claws 1, cold resistance 1, negative energy resistance 3, inhibited
regeneration, torment resistance 2, devour on kill
a: no special abilities


You were on level 3 of the Dungeon.
You visited 1 branch of the dungeon, and saw 3 of its levels.

You collected 150 gold pieces.


Innate Abilities, Weirdness & Mutations

You are immune to poison.
You have sharp fingernails.
Your flesh is cold resistant. (rC+)
You are immune to negative energy. (rN+++)
You do not regenerate when monsters are visible.
You are immune to unholy pain and torment.
You thrive by killing the living.


   Skills:
 + Level 1.8 Fighting
 - Level 1.0 Armour
 - Level 1.7 Dodging
 - Level 2.1 Stealth
 - Level 4.0 Unarmed Combat
 - Level 1.7 Spellcasting
 - Level 0.7 Conjurations
 - Level 2.4 Fire Magic


You had 5 spell levels left.
You knew the following spells:

 Your Spells              Type           Power      Damage    Failure   Level
a - Foxfire               Conj/Fire      16%        2x1d4     100%        1

Your spell library contained the following spells:

 Spells                   Type           Power      Damage    Failure   Level
 Scorch                   Fire           10%        2d6       100%        2
 Conjure Flame            Conj/Fire      4%         6-21      100%        3
 Inner Flame              Hex/Fire       3%         N/A       100%        3
 Flame Wave               Conj/Fire      4%         2d5       100%        4

Inventory:

Armour
 i - a +0 plate armour (worn)
 o - a +0 pair of boots (worn)
Scrolls
 b - a scroll of acquirement {unknown}
 c - a scroll of teleportation {unknown}
 f - 2 scrolls of identify
Potions
 a - a potion of mutation {unknown}
 d - a potion of might {unknown}
 l - a potion of ambrosia {unknown}

Dungeon Overview and Level Annotations

Branches:
Dungeon (3/15)

Altars:
Fedhas
Wu Jian


Message History

You're too confused to attack without stumbling around!
There is a strange disturbance nearby!
You feel less confused.
An orc wizard appears from thin air!
Reactivating autopickup.
The orc wizard casts a spell at you. You resist with some effort.
You claw the orc wizard!
The orc wizard is severely wounded.
The orc wizard gestures at you while chanting.
The magic dart hits you.
You closely miss the orc wizard.
The orc wizard is severely wounded.
The orc wizard hits you with a +0 dagger.
You barely miss the orc wizard.
The orc wizard is severely wounded.
The orc wizard casts a spell.
The orc wizard flickers and vanishes!
Deactivating autopickup; reactivate with Ctrl-A.
You miss something. You completely miss something.
Something hits you but does no damage.
You scratch something. Something hits you but does no damage.
You closely miss something.
You hear some strange, mumbled words.
A puff of flame appears from out of thin air!
The puff of flame misses you.
You closely miss something.
You hear some strange, mumbled words.
A magic dart appears from out of thin air!
The magic dart hits you.
You scratch something but do no damage. Something hits you but does no damage.
You miss something.
You hear some strange, mumbled words.
Something tries to affect you, but you resist.
You closely miss something. Something hits you.
You die...

........#..........#.##.##
........##.^.........##...
................%..####### ###
##########.....###.# # ...
#########.###.###.#
#.##.###..........##.....#
#....................%##########
#.....%.....%....#...........
#.).).....@{.##.%#.........
#.#.......)..#.#..#..<......
..#.##......##.#...#........>
.....##.#....#.##....#.........
#.....#.#.#..#.#.#....#.........
#......#.##..##.#.....#.........
#.......##....##......#.........
.......#......#.)....##........
.. #......#......#..#####'#


There were no monsters in sight!

Vanquished Creatures
  3 adders
  2 worms
  A dart slug (D:3)
  3 orcs (D:3)
  9 ball pythons
  5 endoplasms
  4 giant cockroaches
  7 hobgoblins
  6 jackals (D:3)
  2 quokkas
  8 bats
  5 frilled lizards
  7 goblins
  5 kobolds
  5 rats
72 creatures vanquished.

Notes
Turn   | Place    | Note
-------+----------+-------------------------------------------
     0 | D:1      | qw the Ghoul Fire Elementalist began the quest for the Orb.
     0 | D:1      | Reached XP level 1. HP: 14/14 MP: 2/2
     0 | D:1      | 0 ||| qw: Version: 0.1-a-90-g952f4b7
     0 | D:1      | 0 ||| qw: Game counter: 4107
     0 | D:1      | 0 ||| qw: Always use a shield: true
     0 | D:1      | 0 ||| qw: God list: Okawaru
     0 | D:1      | 0 ||| qw: Allow faded altars: false
     0 | D:1      | 0 ||| qw: Do Orc after D:15 true
     0 | D:1      | 0 ||| qw: Do second Lair branch before Depths: true
     0 | D:1      | 0 ||| qw: Lair rune preference: random
     0 | D:1      | 0 ||| qw: Plans: Normal
     0 | D:1      | 0 ||| PLANNING D:1-11
    53 | D:1      | HP: 1/14 [hobgoblin (5)]
   441 | D:1      | Reached skill level 1 in Unarmed Combat
   668 | D:1      | Reached XP level 2. HP: 22/22 MP: 3/3
   693 | D:1      | Reached skill level 1 in Fighting
   907 | D:1      | Found a faded altar of an unknown god.
  1517 | D:1      | Reached skill level 2 in Unarmed Combat
  1654 | D:1      | Reached XP level 3. HP: 25/28 MP: 4/4
  1707 | D:1      | 1707 ||| Stepping ~*~*~tactically~*~*~ (stealth).
  1708 | D:1      | 1708 ||| Stepping ~*~*~tactically~*~*~ (stealth).
  1709 | D:1      | 1709 ||| Stepping ~*~*~tactically~*~*~ (stealth).
  1710 | D:1      | 1710 ||| Stepping ~*~*~tactically~*~*~ (stealth).
  1711 | D:1      | 1711 ||| Stepping ~*~*~tactically~*~*~ (stealth).
  1712 | D:1      | 1712 ||| Stepping ~*~*~tactically~*~*~ (stealth).
  1719 | D:1      | 1719 ||| Stepping ~*~*~tactically~*~*~ (stealth).
  1720 | D:1      | 1720 ||| Stepping ~*~*~tactically~*~*~ (stealth).
  1721 | D:1      | 1721 ||| Stepping ~*~*~tactically~*~*~ (stealth).
  1722 | D:1      | 1722 ||| Stepping ~*~*~tactically~*~*~ (stealth).
  1723 | D:1      | 1723 ||| Stepping ~*~*~tactically~*~*~ (stealth).
  2115 | D:1      | 2115 ||| READING 4 scrolls labelled QETENW FADE.
  2116 | D:1      | 2116 ||| READING scroll labelled ELIXTI FIBLUM.
  2117 | D:1      | 2117 ||| READING scroll labelled HODGHO IMEYDILU.
  2118 | D:1      | 2118 ||| DRINKING 2 viscous white potions.
  2119 | D:1      | 2119 ||| READING 3 scrolls of identify.
  2119 | D:1      | 2119 ||| IDENTIFYING puce potion
  2120 | D:1      | 2120 ||| DROPPING potion of magic.
  2121 | D:1      | 2121 ||| DROPPING potion of degeneration.
  2416 | D:2      | Reached skill level 3 in Unarmed Combat
  2495 | D:2      | Reached XP level 4. HP: 32/35 MP: 5/5
  3096 | D:2      | 3096 ||| UPGRADING to +0 ring mail.
  3106 | D:2      | 3106 ||| DROPPING +0 robe.
  3107 | D:2      | 3107 ||| UPGRADING to +0 plate armour.
  3117 | D:2      | 3117 ||| DROPPING +0 ring mail.
  3118 | D:2      | 3118 ||| UPGRADING to +0 pair of boots.
  3123 | D:2      | 3123 ||| DROPPING ring of magical power.
  3124 | D:2      | 3124 ||| READING 3 scrolls labelled PEUDECSESOLO.
  3125 | D:2      | 3125 ||| READING 2 scrolls labelled FODE KASALIVU.
  3126 | D:2      | 3126 ||| READING 2 scrolls labelled MONWEA UNWA.
  3127 | D:2      | 3127 ||| READING scroll labelled LUCSITWIWI.
  3128 | D:2      | 3128 ||| READING 2 scrolls of identify.
  3128 | D:2      | 3128 ||| IDENTIFYING brown potion
  3129 | D:2      | 3129 ||| DROPPING potion of berserk rage.
  3130 | D:2      | 3130 ||| DROPPING 2 scrolls of magic mapping.
  3131 | D:2      | 3131 ||| DROPPING scroll of poison.
  3132 | D:2      | 3132 ||| DROPPING scroll of noise.
  3221 | D:3      | Found an ornate altar of the Wu Jian Council.
  3387 | D:3      | Found a blossoming altar of Fedhas.
  3496 | D:3      | Reached skill level 1 in Armour
  3731 | D:3      | Reached skill level 4 in Unarmed Combat
  3839 | D:3      | 3839 ||| DRINKING potion of curing.
  3839 | D:3      | 3839 ||| (to cure confusion)
  3858 | D:3      | HP: 7/35 [orc/+0 trident (6)]
  3861 | D:3      | HP: 2/35 [orc/+0 trident (4)]
  3871 | D:3      | HP: 8/36 [something (1)]
  3876 | D:3      | HP: 5/36 [orc wizard/magic dart (2)]
  3883 | D:3      | HP: 3/36 [something/magic dart (1)]
  3886 | D:3      | Slain by an orc wizard

Levels and vault maps discovered:
D:1:      saegor_arrival_simple_a, layout_basic, serial_forest,
          infiniplex_forest_clump_small, infiniplex_forest_join,
          infiniplex_forest_lined_3, infiniplex_forest_clump_small,
          infiniplex_forest_straight_3, infiniplex_forest_end_2,
          infiniplex_forest_fountain, shapermc_ecumenical_altar_mp_vishouse,
          st_stairs_10, nicolae_wormholes
D:2:      layout_loops_corners
D:3:      layout_basic, mainiacjoe_overflow_boulevard, general_overflow_altar,
          minmay_misc_feat_secret_circle, minmay_vboxes

Skill      XL: |  1  2  3  4 |
---------------+-------------+-----
Unarmed Combat | 1 2 3 4 |  4.0
Fighting       | 1 |  1.8
Armour         | 1 |  1.0
Dodging        | |  1.7
Stealth        | |  2.1
Spellcasting   | |  1.7
Conjurations   | |  0.7
Fire Magic     | |  2.4

Action                   |  1- 3 |  4- 6 || total
-------------------------+-------+-------++-------
Melee: Unarmed           |   132 |    95 ||   227
       Punch             |     1 |     1 ||     2
Throw: Boomerang         |    21 |    29 ||    50
  Use: Scroll            |     4 |     5 ||     9
       Potion            |     1 |     1 ||     2
 Stab: Sleeping          |     1 |       ||     1
Armor: Robe              |    18 |     1 ||    19
       Plate armour      |       |    92 ||    92
Dodge: Dodged            |    75 |    20 ||    95

Table legend:
 A = Non-vault XP
 B = Vault XP
 C = Vault XP percentage of total XP
 D = Non-vault monster count
 E = Vault monster count
 F = Vault count percentage of total count
                 A         B        C        D         E       F
            +---------+---------+-------+---------+---------+-------
      Total |     155 |       8 |   4.9 |      69 |       3 |   4.2
            +---------+---------+-------+---------+---------+-------
        D:1 |      31 |       8 |  20.5 |      19 |       3 |  13.6
        D:2 |      65 |       0 |   0.0 |      27 |       0 |   0.0
        D:3 |      59 |       0 |   0.0 |      23 |       0 |   0.0
            +---------+---------+-------+---------+---------+-------
